 Dungeon Crawl Stone Soup version 0.31-a0-524-g2a164cf6a2 (webtiles) character file.

Game seed: 15399753713987962791

121 AdnanSaban the Covered (level 5, 0/33 HPs)
             Began as a Gargoyle Fighter on Aug 12, 2023.
             Slain by an ogre
             ... wielding a +0 giant club
              (16 damage)
             ... on level 5 of the Dungeon.
             The game lasted 00:01:35 (1972 turns).

AdnanSaban the Covered (Gargoyle Fighter)           Turns: 1972, Time: 00:01:35

Health: 0/33       AC: 13    Str: 22    XL:     5   Next: 5%
Magic:  5/5        EV:  9    Int:  8    God:
Gold:   116        SH:  4    Dex:  9    Spells: 4/4 levels left

rFire   . . .        a - +0 flail
rCold   . . .        c - +0 buckler
rNeg    + . .        b - +0 scale mail
rPois   ∞            (no helmet)
rElec   +            (no cloak)
rCorr   .            k - +0 pair of gloves
SInv    .            j - +0 pair of boots
Will    .....        (no amulet) Stlth
                     (no ring)
HPRegen 0.25/turn    (no ring)
MPRegen 0.09/turn

%: no passive effects
@: no status effects
A: sickness immunity, AC +4, negative energy resistance 1, electricity
resistance, torment resistance 1, petrification resistance
a: no special abilities


You were on level 5 of the Dungeon.
You visited 1 branch of the dungeon, and saw 4 of its levels.

You collected 116 gold pieces.

Inventory:

Hand Weapons
 a - a +0 flail (weapon)
Missiles
 m - 2 javelins
Armour
 b - a +0 scale mail (worn)
 c - a +0 buckler (worn)
 j - a +0 pair of boots (worn)
 k - a +0 pair of gloves (worn)
Jewellery
 f - a +6 ring of strength
 q - a ring of ice
Scrolls
 e - a scroll of enchant armour {unknown}
 l - 2 scrolls of identify {unknown}
 o - a scroll of enchant weapon {unknown}
Potions
 d - a potion of might
 g - a potion of curing {unknown}
 h - a potion of heal wounds {unknown}
 i - a potion of lignification {unknown}
 n - a potion of attraction {unknown}
 p - a potion of ambrosia {unknown}


   Skills:
 + Level 3.8 Fighting
 + Level 3.5 Maces & Flails
 + Level 4.0 Armour
 + Level 0.6 Dodging
 + Level 3.8 Shields


You had 4 spell levels left.
You didn't know any spells.
Your spell library was empty.

Dungeon Overview and Level Annotations

Branches:
Dungeon (3/15)

Altars:
Trog


Innate Abilities, Weirdness & Mutations

You are immune to sickness and miasma.
Your stone body is resilient. (AC +4)
You are immune to poison.
You resist negative energy. (rN+)
You are resistant to electric shocks. (rElec)
You are resistant to unholy torment.
You are immune to petrification.


Message History

You block the hound's attack.
You sock the hound!
You kill the hound!
You have reached level 5!
An orc comes into view. It is wielding a +0 heavy hand axe.
The orc shouts!
An orc is nearby!
You sock the orc!
You kill the orc!
Things that are here:
a +0 heavy hand axe; an orc corpse An ogre comes into view.
It is wielding a +0 giant club.
The ogre shouts!
You sock the ogre!
The ogre is heavily wounded.
The ogre barely misses you.
You hit the ogre.
The ogre is heavily wounded.
The ogre hits you but does no damage.
You hit the ogre.
The ogre is severely wounded.
You hit the ogre.
The ogre is severely wounded.
The ogre hits you with a +0 giant club!
You barely miss the ogre.
The ogre is severely wounded.
The ogre closely misses you.
You hit the ogre.
The ogre is severely wounded.
The ogre hits you with a +0 giant club.
You are too injured to fight recklessly!
You are too injured to fight recklessly!
You are too injured to fight recklessly!
You barely miss the ogre.
The ogre is severely wounded.
You block the ogre's attack.
You barely miss the ogre.
The ogre is severely wounded.
The ogre hits you with a +0 giant club!
You die...

#.#........
#####.#..#####
###..............
..#.###.######### #.#.#
#.#... #.#.# #.#.###
#.#.# #...#.#
#.#.####..#.########
.####.#.#.....#.@O......
........#.###.#.########
#####.###.###.#.# #.#
#...)...# #.#.......###
#.#.####### #.# ..# ..#


You could see an ogre.

Vanquished Creatures
  A hound (D:5)
  3 adders (D:2)
  A worm (D:2)
  A dart slug (D:1)
  An orc (D:5)
  4 endoplasms
  A giant cockroach (D:1)
  8 goblins
  5 hobgoblins
  3 jackals (D:1)
  4 quokkas
  5 ball pythons
  5 bats
  5 frilled lizards
  5 kobolds
  3 rats
55 creatures vanquished.

Notes
Turn   | Place    | Note
-------+----------+-------------------------------------------
     0 | D:1      | AdnanSaban the Gargoyle Fighter began the quest for the
                  | Orb.
     0 | D:1      | Reached XP level 1. HP: 14/14 MP: 1/1
   251 | D:1      | Reached XP level 2. HP: 17/19 MP: 2/2
   507 | D:1      | Reached XP level 3. HP: 23/23 MP: 3/3
  1094 | D:2      | Reached XP level 4. HP: 29/29 MP: 4/4
  1161 | D:2      | Found a bloodstained altar of Trog.
  1808 | D:3      | Reached skill level 4 in Armour
  1927 | D:3      | You fall into a shaft and drop 2 floors!
  1927 | D:5      | Entered Level 5 of the Dungeon
  1949 | D:5      | Reached XP level 5. HP: 33/33 MP: 5/5
  1963 | D:5      | Noticed an ogre
  1972 | D:5      | Slain by an ogre

Illustrated notes

Levels and vault maps discovered:
D:1:      kilobyte_arrival_exit_the_forest, layout_loops_cross
D:2:      layout_basic, basic_altar
D:3:      layout_basic, uniq_terence
D:5:      layout_basic, chequers_serial_rivers_micro_c,
          nicolae_concentric_dashed_squares_wild

Skill      XL: |  1  2  3  4 |
---------------+-------------+-----
Maces & Flails | 3 |  3.5
Armour         | 4 |  4.0
Fighting       | |  3.8
Dodging        | |  0.6
Shields        | |  3.8

Action                     |  1- 3 |  4- 6 || total
---------------------------+-------+-------++-------
  Melee: Flail             |   126 |    75 ||   201
 Armour: Scale mail        |    90 |    40 ||   130
  Dodge: Dodged            |    71 |    38 ||   109
  Block: Buckler           |    35 |    11 ||    46

Table legend: (Time is in decaauts)
 A = Elapsed time spent in this place.
 B = Non-inter-level travel time spent in this place.
 C = Inter-level travel time spent in this place.
 D = Time resting spent in this place.
 E = Time spent auto-exploring this place.
 F = Levels seen in this place.
 G = Mean time per level.
                   A        B        C        D        E       F      G
               +--------+--------+--------+--------+--------+-----+--------+
         Total |   2032 |   1955 |     77 |      0 |   1504 |   4 |  508.0 |
       Dungeon |   2032 |   1955 |     77 |      0 |   1504 |   4 |  508.0 |
               +--------+--------+--------+--------+--------+-----+--------+

Top non-repeatable levels by time:
     D:1: 977 daAuts
     D:2: 829 daAuts
     D:3: 177 daAuts
     D:5: 47 daAuts
